| TOP OF THE 1ST |
|
Canton Indians batting - Pitching for York Revolution : RHP Hugo Rodriguez
|
|
Pitching: RHP Hugo Rodriguez
|
|
|
Batting: RHB Willie Toral
|
0-0: Ball 1-0: Foul Ball, location: 2F 1-1: Foul Ball, location: 2F 1-2: Strikes out swinging
|
|
Batting: RHB David Haas
|
0-0: Called Strike 0-1: Called Strike 0-2: Strikes out looking
|
|
Batting: RHB Rob Marti
|
0-0: Swinging Strike 0-1: Ball 1-1: Ball 2-1: Swinging Strike 2-2: Foul Ball, location: 2F 2-2: Hit by Pitch
|
|
Batting: RHB Jonathan Johnstad
|
0-0: Called Strike 0-1: Foul Ball, location: 2F 0-2: Foul Ball, location: 2F 0-2: Ball 1-2: Strikes out swinging
|
| Top of the 1st over - 0 runs, 0 hits, 0 errors, 1 left on base; Canton 0 - York 0 |
| BOTTOM OF THE 1ST |
|
York Revolution batting - Pitching for Canton Indians : LHP Keith Wilson
|
|
Pitching: LHP Keith Wilson
|
|
|
Batting: LHB Quincy Smart
|
0-0: Foul Ball, location: 2F 0-1: Ground out 4-3 (Groundball, 4M, EV 83.8 MPH)
|
|
Batting: LHB Mike Hawk
|
0-0: Called Strike 0-1: Foul Ball, location: 2F 0-2: Foul Ball, location: 2F 0-2: Fly out, F5 (Popup, 6, EV 60.0 MPH)
|
|
Batting: RHB Juan Gonzalez
|
0-0: Called Strike 0-1: Ball 1-1: Swinging Strike 1-2: Strikes out swinging
|
| Bottom of the 1st over - 0 runs, 0 hits, 0 errors, 0 left on base; Canton 0 - York 0 |
| TOP OF THE 2ND |
|
Canton Indians batting - Pitching for York Revolution : RHP Hugo Rodriguez
|
|
Batting: RHB Ryan Paquette
|
0-0: Called Strike 0-1: Called Strike 0-2: Ground out 6-3 (Groundball, 6S, EV 73.8 MPH)
|
|
Batting: RHB Oscar Hernandez
|
0-0: Foul Ball, location: 2F 0-1: Ball 1-1: Foul Ball, location: 2F 1-2: Ball 2-2: Ground out 6-3 (Groundball, 6, EV 93.8 MPH)
|
|
Batting: RHB Nick Rainey
|
0-0: Ball 1-0: Foul Ball, location: 2F 1-1: Ball 2-1: Ball 3-1: Base on Balls
|
|
Batting: RHB Giuliano Giacoletti Jr.
|
0-0: Ball Nick Rainey steals 2nd base 1-0: Foul Ball, location: 2F 1-1: Ground out 5-3 (Groundball, 56, EV 82.5 MPH)
|
| Top of the 2nd over - 0 runs, 0 hits, 0 errors, 1 left on base; Canton 0 - York 0 |
| BOTTOM OF THE 2ND |
|
York Revolution batting - Pitching for Canton Indians : LHP Keith Wilson
|
|
Batting: RHB Dan Shaffer
|
0-0: Swinging Strike 0-1: Called Strike 0-2: Strikes out looking
|
|
Batting: RHB Alexis Graciani
|
0-0: Ball 1-0: Foul Ball, location: 2F 1-1: Ball 2-1: Foul Ball, location: 2F 2-2: Foul Ball, location: 2F 2-2: Fly out, F4 (Popup, 4M, EV 57.5 MPH)
|
|
Batting: RHB Josh Jarvis
|
0-0: Ball 1-0: Fly out, F8 (Flyball, 8RD, EV 94.4 MPH)
|
| Bottom of the 2nd over - 0 runs, 0 hits, 0 errors, 0 left on base; Canton 0 - York 0 |
| TOP OF THE 3RD |
|
Canton Indians batting - Pitching for York Revolution : RHP Hugo Rodriguez
|
|
Batting: SHB Jose Abreu
|
0-0: Swinging Strike 0-1: Called Strike 0-2: Foul Ball, location: 2F 0-2: Foul Ball, location: 2F 0-2: Ball 1-2: Strikes out swinging
|
|
Batting: RHB Willie Toral
|
0-0: Ball 1-0: Hit by Pitch
|
|
Batting: RHB David Haas
|
0-0: Called Strike 0-1: Ball Wild Pitch! Willie Toral to second 1-1: Fly out, F8 (Line Drive, 8LD, EV 111.2 MPH)
|
|
Batting: RHB Rob Marti
|
0-0: Called Strike 0-1: Ball 1-1: Ball 2-1: Called Strike 2-2: Ball 3-2: Foul Ball, location: 2F 3-2: Base on Balls
|
|
Batting: RHB Jonathan Johnstad
|
0-0: Ball 1-0: Ball 2-0: Foul Ball, location: 2F 2-1: Called Strike 2-2: SINGLE (Line Drive, 6D, EV 105.0 MPH) Willie Toral to third Rob Marti to second Runner from 3rd tries for Home, SAFE, throw by CF to home
|
|
Batting: RHB Ryan Paquette
|
0-0: Fly out, F9 (Flyball, 9D, EV 86.9 MPH)
|
| Top of the 3rd over - 1 run, 1 hit, 0 errors, 2 left on base; Canton 1 - York 0 |
| BOTTOM OF THE 3RD |
|
York Revolution batting - Pitching for Canton Indians : LHP Keith Wilson
|
|
Batting: RHB Jonathan Steria
|
0-0: Ball 1-0: Ball 2-0: SINGLE (Line Drive, 34D, EV 105.6 MPH)
|
|
Batting: LHB Skyler Bright
|
0-0: Called Strike Jonathan Steria is caught stealing 2nd base 2-6 0-1: Swinging Strike 0-2: Strikes out swinging
|
|
Batting: RHB Justin Crowder
|
0-0: Fly out, F8 (Flyball, 8RS, EV 94.4 MPH)
|
| Bottom of the 3rd over - 0 runs, 1 hit, 0 errors, 0 left on base; Canton 1 - York 0 |
| TOP OF THE 4TH |
|
Canton Indians batting - Pitching for York Revolution : RHP Hugo Rodriguez
|
|
Batting: RHB Oscar Hernandez
|
0-0: Swinging Strike 0-1: Ball 1-1: Foul Ball, location: 2F 1-2: Ball 2-2: Strikes out swinging
|
|
Batting: RHB Nick Rainey
|
0-0: Called Strike 0-1: Ground out 6-3 (Groundball, 6, EV 86.2 MPH)
|
|
Batting: RHB Giuliano Giacoletti Jr.
|
0-0: Ground out 3-1 (Groundball, 34, EV 86.9 MPH)
|
| Top of the 4th over - 0 runs, 0 hits, 0 errors, 0 left on base; Canton 1 - York 0 |
| BOTTOM OF THE 4TH |
|
York Revolution batting - Pitching for Canton Indians : LHP Keith Wilson
|
|
Batting: LHB Quincy Smart
|
0-0: Called Strike 0-1: SINGLE (Groundball, 4MD, EV 106.9 MPH)
|
|
Batting: LHB Mike Hawk
|
0-0: Ball 1-0: Ball 2-0: Swinging Strike 2-1: Foul Ball, location: 2F 2-2: Strikes out looking
|
|
Batting: RHB Juan Gonzalez
|
0-0: Ball 1-0: Ball 2-0: Foul Ball, location: 2F 2-1: Foul Ball, location: 2F 2-2: Foul Ball, location: 2F 2-2: Foul Ball, location: 2F 2-2: Foul Ball, location: 2F 2-2: Ball 3-2: Fly out, F7 (Flyball, 7S, EV 88.1 MPH)
|
|
Batting: RHB Dan Shaffer
|
0-0: Ball 1-0: Foul Ball, location: 2F 1-1: Fielders Choice at 2nd, 4-6 (Groundball, 4MD, EV 88.1 MPH)
|
| Bottom of the 4th over - 0 runs, 1 hit, 0 errors, 1 left on base; Canton 1 - York 0 |
| TOP OF THE 5TH |
|
Canton Indians batting - Pitching for York Revolution : RHP Hugo Rodriguez
|
|
Batting: SHB Jose Abreu
|
0-0: Called Strike 0-1: Hit by Pitch
|
|
Batting: RHB Willie Toral
|
0-0: Fly out, F7 (Line Drive, 7, EV 93.8 MPH)
|
|
Batting: RHB David Haas
|
0-0: Hit by Pitch Jose Abreu to second
|
|
Batting: RHB Rob Marti
|
0-0: Foul Ball, location: 2F 0-1: Foul Ball, location: 2F 0-2: Strikes out looking
|
|
Batting: RHB Jonathan Johnstad
|
0-0: Ball 1-0: Ball 2-0: Ball 3-0: Called Strike 3-1: Called Strike 3-2: Foul Ball, location: 2F 3-2: DOUBLE (Line Drive, 78D, EV 111.9 MPH) Jose Abreu scores David Haas to third David Haas scores
|
|
Pitching: RHP C.J. Dombrowski
|
|
|
Batting: RHB Ryan Paquette
|
0-0: Called Strike 0-1: Ball 1-1: Swinging Strike 1-2: Single, Error in OF, E9, batter to second base (Groundball, 34D, EV 105.6 MPH) Jonathan Johnstad scores
|
|
Batting: RHB Oscar Hernandez
|
0-0: Called Strike 0-1: Ball 1-1: Foul Ball, location: 2F 1-2: Ball 2-2: Strikes out swinging
|
| Top of the 5th over - 3 runs, 2 hits, 1 error, 1 left on base; Canton 4 - York 0 |
| BOTTOM OF THE 5TH |
|
York Revolution batting - Pitching for Canton Indians : LHP Keith Wilson
|
|
Batting: RHB Alexis Graciani
|
0-0: Ball 1-0: Ball 2-0: Called Strike 2-1: Foul Ball, location: 2F 2-2: Foul Ball, location: 2F 2-2: Ball 3-2: Fly out, F4 (Line Drive, 4, EV 69.4 MPH)
|
|
Batting: RHB Josh Jarvis
|
0-0: Ball 1-0: Ball 2-0: Swinging Strike 2-1: Called Strike 2-2: Foul Ball, location: 2F 2-2: Strikes out swinging
|
|
Batting: RHB Jonathan Steria
|
0-0: Swinging Strike 0-1: Ball 1-1: Called Strike 1-2: Foul Ball, location: 2F 1-2: Ball 2-2: Ball 3-2: Base on Balls
|
|
Batting: LHB Skyler Bright
|
0-0: Called Strike 0-1: 2-RUN HOME RUN (Flyball, 9D, EV 96.9 MPH), Distance : 357 ft
|
|
Batting: RHB Justin Crowder
|
0-0: Called Strike 0-1: SINGLE (Groundball, 6D, EV 103.1 MPH)
|
|
Batting: LHB Quincy Smart
|
0-0: Called Strike 0-1: Reached on error, E8 (Flyball, 78M, EV 76.9 MPH) Justin Crowder to third
|
|
Batting: LHB Mike Hawk
|
0-0: Fly out, F8 (Flyball, 8LM, EV 84.4 MPH)
|
| Bottom of the 5th over - 2 runs, 2 hits, 1 error, 2 left on base; Canton 4 - York 2 |
| TOP OF THE 6TH |
|
Canton Indians batting - Pitching for York Revolution : RHP C.J. Dombrowski
|
|
Batting: LHB Jason Kessler
|
0-0: Ball 1-0: Foul Ball, location: 2F 1-1: Swinging Strike 1-2: Strikes out swinging
|
|
Batting: RHB Giuliano Giacoletti Jr.
|
0-0: Ball 1-0: Ball 2-0: Foul Ball, location: 2F 2-1: Foul Ball, location: 2F 2-2: Foul Ball, location: 2F 2-2: Ground out 2-3 (Groundball, 2R, EV 62.5 MPH)
|
|
Batting: SHB Jose Abreu
|
0-0: Called Strike 0-1: Swinging Strike 0-2: Strikes out swinging
|
| Top of the 6th over - 0 runs, 0 hits, 0 errors, 0 left on base; Canton 4 - York 2 |
| BOTTOM OF THE 6TH |
|
York Revolution batting - Pitching for Canton Indians : LHP Keith Wilson
|
|
Batting: RHB Juan Gonzalez
|
0-0: Ball 1-0: Called Strike 1-1: Ball 2-1: Swinging Strike 2-2: SINGLE (Line Drive, 8LS, EV 103.1 MPH)
|
|
Batting: RHB Dan Shaffer
|
0-0: Ball 1-0: SINGLE (Groundball, 6MD, EV 103.1 MPH) Juan Gonzalez to second
|
|
Pitching: LHP Sterling Peyton
|
|
|
Batting: RHB Alexis Graciani
|
0-0: Fly out, F9 (Flyball, 9LS, EV 88.1 MPH)
|
|
Batting: RHB Josh Jarvis
|
0-0: Ball Passed Ball! Juan Gonzalez to third Dan Shaffer to second 1-0: Foul Ball, location: 2F 1-1: Ball 2-1: Foul Ball, location: 2F 2-2: Ball 3-2: Foul Ball, location: 2F 3-2: Strikes out swinging
|
|
Batting: RHB Jonathan Steria
|
0-0: Called Strike 0-1: Ball 1-1: Ball 2-1: Swinging Strike 2-2: Fly out, F7 (Flyball, 78M, EV 92.5 MPH)
|
| Bottom of the 6th over - 0 runs, 2 hits, 0 errors, 2 left on base; Canton 4 - York 2 |
| TOP OF THE 7TH |
|
Canton Indians batting - Pitching for York Revolution : RHP C.J. Dombrowski
|
|
Batting: RHB Willie Toral
|
0-0: Swinging Strike 0-1: Swinging Strike 0-2: Foul Ball, location: 2F 0-2: Ball 1-2: Strikes out swinging
|
|
Pinch Hitting: LHB Dorian Oram
|
0-0: Ball 1-0: Ball 2-0: Ball 3-0: Base on Balls
|
|
Batting: RHB Rob Marti
|
0-0: Ball 1-0: SINGLE (Groundball, 34D, EV 108.8 MPH) Dorian Oram to second Runner from 2nd tries for 3rd, SAFE, throw by RF made to third
|
|
Pinch Hitting: SHB Brad Larabel
|
0-0: Ball 1-0: SINGLE (Line Drive, 78S, EV 100.0 MPH) Dorian Oram scores Rob Marti to second
|
|
Batting: RHB Ryan Paquette
|
0-0: Ball 1-0: Foul Ball, location: 2F 1-1: Hit by Pitch Rob Marti to third Brad Larabel to second
|
|
Pinch Hitting: SHB Henri Chardon
|
0-0: Swinging Strike 0-1: Ball 1-1: Swinging Strike 1-2: Strikes out swinging
|
|
Batting: LHB Jason Kessler
|
0-0: Swinging Strike 0-1: Foul Ball, location: 2F 0-2: Fly out, F8 (Flyball, 8LXD, EV 90.6 MPH)
|
| Top of the 7th over - 1 run, 2 hits, 0 errors, 3 left on base; Canton 5 - York 2 |
| BOTTOM OF THE 7TH |
|
York Revolution batting - Pitching for Canton Indians : LHP Sterling Peyton
|
|
Now at 1B: Joe Bauer
|
|
|
Now at 2B: Rob Marti
|
|
|
Now at 3B: Jesus Sanchez
|
|
|
Now in LF: Aubrey Regimbald
|
|
|
Now in RF: Tom Auld
|
|
|
Batting: LHB Skyler Bright
|
0-0: Hit by Pitch
|
|
Batting: RHB Justin Crowder
|
0-0: Called Strike 0-1: Ball 1-1: Ball 2-1: Foul Ball, location: 2F 2-2: Strikes out swinging
|
|
Batting: LHB Quincy Smart
|
0-0: Fielders Choice at 2nd, 3-6 (Groundball, 3, EV 86.9 MPH)
|
|
Batting: LHB Mike Hawk
|
0-0: Ball 1-0: Ball 2-0: Foul Ball, location: 2F 2-1: Ball 3-1: SINGLE (Line Drive, 89S, EV 100.0 MPH) Quincy Smart to second
|
|
Batting: RHB Juan Gonzalez
|
0-0: Called Strike 0-1: Swinging Strike 0-2: Ball 1-2: Ball 2-2: Strikes out swinging
|
| Bottom of the 7th over - 0 runs, 1 hit, 0 errors, 2 left on base; Canton 5 - York 2 |
| TOP OF THE 8TH |
|
Canton Indians batting - Pitching for York Revolution : RHP C.J. Dombrowski
|
|
Pitching: RHP Jim Lurte
|
|
|
Batting: RHB Joe Bauer
|
0-0: Called Strike 0-1: SOLO HOME RUN (Flyball, 8RXD, EV 109.4 MPH), Distance : 427 ft
|
|
Batting: SHB Jose Abreu
|
0-0: Ball 1-0: Swinging Strike 1-1: Swinging Strike 1-2: Strikes out swinging
|
|
Batting: RHB Willie Toral
|
0-0: Ball 1-0: Ground out 6-3 (Groundball, 6, EV 89.4 MPH)
|
|
Batting: RHB Aubrey Regimbald
|
0-0: Called Strike 0-1: Swinging Strike 0-2: Ball 1-2: Foul Ball, location: 2F 1-2: Ground out 6-3 (Groundball, 6S, EV 85.0 MPH)
|
| Top of the 8th over - 1 run, 1 hit, 0 errors, 0 left on base; Canton 6 - York 2 |
| BOTTOM OF THE 8TH |
|
York Revolution batting - Pitching for Canton Indians : LHP Sterling Peyton
|
|
Batting: RHB Dan Shaffer
|
0-0: Ball 1-0: Ball 2-0: Fly out, F4 (Popup, 23, EV 86.2 MPH)
|
|
Batting: RHB Alexis Graciani
|
0-0: Called Strike 0-1: Ball 1-1: Called Strike 1-2: Strikes out swinging
|
|
Batting: RHB Josh Jarvis
|
0-0: Ball 1-0: Ball 2-0: Called Strike 2-1: Foul Ball, location: 2F 2-2: Ball 3-2: Strikes out looking
|
| Bottom of the 8th over - 0 runs, 0 hits, 0 errors, 0 left on base; Canton 6 - York 2 |
| TOP OF THE 9TH |
|
Canton Indians batting - Pitching for York Revolution : RHP Jim Lurte
|
|
Batting: RHB Rob Marti
|
0-0: Ball 1-0: Foul Ball, location: 2F 1-1: Foul Ball, location: 2F 1-2: Foul Ball, location: 2F 1-2: Strikes out swinging
|
|
Batting: SHB Tom Auld
|
0-0: Ball 1-0: Ground out 4-3 (Groundball, 4, EV 83.8 MPH)
|
|
Batting: RHB Ryan Paquette
|
0-0: Foul Ball, location: 2F 0-1: Hit by Pitch
|
|
Batting: RHB Jesus Sanchez
|
0-0: Ball Ryan Paquette is caught stealing 2nd base 2-4
|
| Top of the 9th over - 0 runs, 0 hits, 0 errors, 0 left on base; Canton 6 - York 2 |
| BOTTOM OF THE 9TH |
|
York Revolution batting - Pitching for Canton Indians : LHP Sterling Peyton
|
|
Pitching: RHP Ryan Perkins
|
|
|
Batting: RHB Jonathan Steria
|
0-0: Called Strike 0-1: Foul Ball, location: 2F 0-2: Ball 1-2: Strikes out swinging
|
|
Batting: LHB Skyler Bright
|
0-0: Ball 1-0: SINGLE (Groundball, 4MS, EV 67.5 MPH) (infield hit)
|
|
Pinch Hitting: RHB Zach Walk
|
0-0: Swinging Strike 0-1: Ball 1-1: Foul Ball, location: 2F 1-2: Ball 2-2: Strikes out swinging
|
|
Batting: LHB Quincy Smart
|
0-0: Ball 1-0: Called Strike 1-1: Ball 2-1: Foul Ball, location: 2F 2-2: Ball 3-2: Strikes out swinging
|
| Bottom of the 9th over - 0 runs, 1 hit, 0 errors, 1 left on base; Canton 6 - York 2 |
|